 Dungeon Sprint DCSS version 0.23.0-3-gf3c87f2 (webtiles) character file.

Game seed: 18169235574981958172

132800000 Fang the Intangible (level 27, 149/149 HPs)
             Began as a Felid Berserker on Feb 21, 2019.
             Was the Champion of Makhleb.
             Escaped with the Orb!
             The game lasted 00:07:04 (664 turns).

Fang the Intangible (Felid Berserker)                Turns: 664, Time: 00:07:04

Health: 149/149    AC:  3    Str: 13    XL:     27
Magic:  55/55      EV: 44    Int: 11    God:    Makhleb [******]
Gold:   0          SH:  0    Dex: 26    Spells: 80/80 levels left
                                        Lives:  0   Deaths: 5

rFire    . . .     SeeInvis +     - Unarmed
rCold    + . .     Gourm    .   (shield unavailable)
rNeg     . . .     Faith    .   (armour unavailable)
rPois    .         Spirit   .   (helmet unavailable)
rElec    .         Reflect  .   (cloak unavailable)
rCorr    .         Harm     .   (gloves unavailable)
MR       ++++.     NoTele   +   (boots unavailable)
Stlth    ++++......             (no amulet)
HPRegen  0.34/turn              h - +27000 ring of slaying
MPRegen  0.34/turn              (no ring)

@: quick
A: very small, no armour, no weapons or thrown items, stealth, claws 1, fangs 3,
see invisible, carnivore, speed 1, shaggy fur 3, slow metabolism 1, sharp paws
0: Orb of Zot
a: Minor Destruction, Lesser Servant of Makhleb, Major Destruction, Greater
Servant of Makhleb, Renounce Religion


You escaped.
You worshipped Makhleb.
Makhleb was exalted by your worship.
You were not hungry.

You visited 1 branch

Inventory:

Jewellery
 h - a +27000 ring of slaying (left paw)
 i - a +30 ring of slaying
 j - a +30 ring of slaying
 k - a +30 ring of slaying
 l - a +30 ring of slaying
 m - a +30 ring of slaying
 n - a +30 ring of slaying
 o - a +30 ring of slaying
 p - a +30 ring of slaying
 q - a +30 ring of slaying
 r - a +30 ring of slaying
 s - a +30 ring of slaying
 t - a +30 ring of slaying
 u - a +30 ring of slaying
 v - a +30 ring of slaying
 w - an uncursed ring of protection from fire
 x - a +30 ring of slaying
 y - a +30 ring of slaying
 z - a +30 ring of slaying
 A - a +30 ring of slaying
 B - a +30 ring of slaying
 C - a +200 ring of slaying
 D - a +30 ring of slaying
 E - a +30 ring of slaying
 F - a +30 ring of slaying
 G - an uncursed ring of protection from fire
Scrolls
 g - a scroll of blinking
Potions
 b - a potion of curing
 c - a potion of heal wounds
 d - a potion of haste
 e - 2 potions of magic
 f - a potion of berserk rage
Comestibles
 a - a ration


   Skills:
 O Level 27 Fighting
 O Level 27 Dodging
 O Level 27 Stealth
 O Level 27 Unarmed Combat
 O Level 27 Spellcasting
 O Level 27 Conjurations
 O Level 27 Hexes
 O Level 27 Charms
 O Level 27 Summonings
 O Level 27 Necromancy
 O Level 27 Translocations
 O Level 27 Transmutations
 O Level 27 Fire Magic
 O Level 27 Ice Magic
 O Level 27 Air Magic
 O Level 27 Earth Magic
 O Level 27 Poison Magic
 O Level 27 Invocations
 O Level 27 Evocations


You had 80 spell levels left.
You didn't know any spells.
Your spell library was empty.

Dungeon Overview and Level Annotations

Branches:
Dungeon (1/1)

Altars:
Makhleb


Innate Abilities, Weirdness & Mutations

You cannot wear armour.
You are incapable of wielding weapons or throwing items.
Your paws allow you to move quietly. (Stealth)
You have sharp claws.
You have razor-sharp teeth.
You have supernaturally acute eyesight. (SInv)
You are carnivorous and can eat meat at any time.
You cover ground quickly.
Your thick and shaggy fur keeps you warm. (AC +3, rC+)
You have a slow metabolism.
Your sharp claws are effective at attacking unaware monsters.


Message History

You hear a shout! x4
You see here the felid corpse of Fang.
You butcher the felid corpse of Fang.
H - a chunk of flesh You see here the felid skeleton of Fang.
You hear a shout! x4
Eat a chunk of flesh? (ye/n/q)
You eat the chunk of flesh.
This raw flesh tastes great.
You hear a shout! x3
Okay, then.
You hear a shout! x4
You hear a shout! x2
You hear a shout! x6
You hear a shout! x3
Items here: )) == a +9 war axe; a +30 ring of slaying; a +9 war axe; a +30 ring of slaying You hear a shout! x4
There is a staircase leading out of the dungeon, spattered with blood here.
You hear a shout! x2
You have escaped!

.................................
))#))...........................#
.))#).))....#.......#............
.).)))#.....#.......#...........#
.))#))))..###.......###..........
...))))).......###.............##
...))))#........_.........)).....
....)#).))...#.....#.......#)#)..
###.)...))...#_)@._.))...))).))..
#....#..))...#)...÷#))....#.#)#..
..)....#........_.).).).))....)..
..............)#.#.......).#.#.#.
..........###.))..).###..........
)...........#).....÷#............
))).........#.......#............
)).#.............†...............
..#.#.#....)............#...#....


There were no monsters in sight!

Vanquished Creatures
  149 orcs (D)
  2 pandemonium lords (D)
  A Brimstone Fiend (D)
  An Orb Guardian (D)
  A Hell Sentinel (D)
  An Ice Fiend (D)
  A cacodemon (D)
  A reaper (D)
  3 stone giants (D)
  A great orb of eyes (D)
  3 hell hogs (D)
  A soul eater (D)
  A sixfirhy (D)
  A glowing orange brain (D)
  A cyclops (D)
  A hellion (D)
  A tormentor (D)
  A troll (D)
  A neqoxec (D)
  A large abomination (D)
  A white imp (D)
  Dispater (D)
  4 vampire knights (D)
  24 ogres (D)
  6 two-headed ogres (D)
209 creatures vanquished.

Notes
Turn   | Place    | Note
-------+----------+-------------------------------------------
     0 | D        | Fang the Felid Berserker began the quest for the Orb.
     0 | D        | Reached XP level 1. HP: 10/10 MP: 2/2
     4 | D        | Fell from the grace of Trog
     4 | D        | Became a worshipper of Makhleb the Destroyer
     6 | D        | Noticed a bag of meat
    10 | D        | Noticed a bag of meat
    13 | D        | Noticed a bag of meat
    13 | D        | Noticed a bag of meat
    14 | D        | Killed a bag of meat
    14 | D        | Reached XP level 2. HP: 27/27 MP: 3/3
    14 | D        | Reached XP level 3. HP: 31/31 MP: 4/4
    14 | D        | Reached XP level 4. HP: 35/35 MP: 5/5
    14 | D        | Reached XP level 5. HP: 39/39 MP: 6/6
    14 | D        | Gained mutation: You are covered in thick fur. (AC +2)
                  | [Felid growth]
    14 | D        | Reached XP level 6. HP: 43/43 MP: 7/7
    14 | D        | Reached XP level 7. HP: 47/47 MP: 8/8
    14 | D        | Reached XP level 8. HP: 51/51 MP: 9/9
    14 | D        | Reached XP level 9. HP: 55/55 MP: 10/10
    14 | D        | Reached XP level 10. HP: 59/59 MP: 11/11
    14 | D        | Reached XP level 11. HP: 63/63 MP: 12/12
    14 | D        | Noticed a bag of meat
    14 | D        | Noticed a bag of meat
    15 | D        | Noticed a bag of meat
    16 | D        | Killed a bag of meat
    16 | D        | Reached * piety under Makhleb
    16 | D        | Gained mutation: Your thick and shaggy fur keeps you warm.
                  | (AC +3, rC+) [Felid growth]
    16 | D        | Reached XP level 12. HP: 71/71 MP: 13/13
    17 | D        | Killed a bag of meat
    17 | D        | Reached XP level 13. HP: 76/76 MP: 14/14
    18 | D        | Noticed a bag of meat
    18 | D        | Noticed a bag of meat
    18 | D        | Noticed a large bag of meat
    18 | D        | Noticed a bag of meat
    19 | D        | Killed a bag of meat
    19 | D        | Reached XP level 14. HP: 83/83 MP: 15/15
    19 | D        | Noticed a bag of meat
    20 | D        | Noticed a bag of meat
    21 | D        | Killed a bag of meat
    21 | D        | Reached ** piety under Makhleb
    21 | D        | Reached skill level 27 in Dodging
    22 | D        | Killed a bag of meat
    22 | D        | Reached XP level 15. HP: 85/91 MP: 16/16
    24 | D        | Reached *** piety under Makhleb
    24 | D        | Reached skill level 27 in Fighting
    24 | D        | Reached skill level 27 in Unarmed Combat
    24 | D        | Reached skill level 1 in Spellcasting
    24 | D        | Reached skill level 1 in Invocations
    25 | D        | Reached XP level 16. HP: 100/100 MP: 16/29
    26 | D        | Noticed a meat berserker
    26 | D        | HP: 1/100 [large bag of meat/+9 giant spiked club (38)]
    28 | D        | Annihilated by a large bag of meat
    29 | D        | Reached XP level 15. HP: -56/95 MP: 16/33
    34 | D        | Killed a meat berserker
    34 | D        | Reached **** piety under Makhleb
    34 | D        | Reached XP level 16. HP: 54/100 MP: 33/37
    35 | D        | Slain by a large bag of meat
    36 | D        | Reached XP level 15. HP: -1/95 MP: 33/36
    37 | D        | Noticed a meat berserker
    41 | D        | Killed a meat berserker
    41 | D        | Reached skill level 27 in Stealth
    41 | D        | Reached XP level 16. HP: 39/100 MP: 36/40
    43 | D        | Noticed a meat berserker
    43 | D        | Noticed a meat berserker
    47 | D        | Reached ***** piety under Makhleb
    47 | D        | Reached XP level 17. HP: 101/104 MP: 37/45
    47 | D        | Noticed a destroyer
    49 | D        | Reached skill level 27 in Invocations
    50 | D        | Reached skill level 27 in Spellcasting
    51 | D        | Killed a meat berserker
    51 | D        | Reached XP level 18. HP: 109/109 MP: 38/50
    52 | D        | Killed a destroyer
    53 | D        | Reached XP level 19. HP: 113/113 MP: 38/51
    56 | D        | Reached ****** piety under Makhleb
    58 | D        | Killed a meat berserker
    58 | D        | Reached XP level 20. HP: 118/118 MP: 39/52
    59 | D        | Killed a large bag of meat
    64 | D        | Reached XP level 21. HP: 112/122 MP: 40/53
    71 | D        | Noticed a destroyer
    73 | D        | Reached XP level 22. HP: 127/127 MP: 42/54
    80 | D        | Reached XP level 23. HP: 131/131 MP: 43/55
    86 | D        | Killed a destroyer
    86 | D        | Reached XP level 24. HP: 136/136 MP: 44/55
    94 | D        | Reached XP level 25. HP: 140/140 MP: 46/55
   102 | D        | Reached XP level 26. HP: 145/145 MP: 47/55
   111 | D        | Reached XP level 27. HP: 149/149 MP: 49/55
   126 | D        | Noticed a large bag of meat
   136 | D        | Killed a large bag of meat
   197 | D        | Noticed a large bag of meat
   212 | D        | Annihilated by a large bag of meat
   218 | D        | Killed a large bag of meat
   250 | D        | Noticed a large bag of meat
   258 | D        | Killed a large bag of meat
   286 | D        | Noticed a large bag of meat
   294 | D        | Killed a large bag of meat
   328 | D        | Noticed a destroyer
   342 | D        | Killed a destroyer
   369 | D        | Noticed a destroyer
   377 | D        | Killed a destroyer
   390 | D        | Noticed a large bag of meat
   399 | D        | Killed a large bag of meat
   432 | D        | Noticed The Meatlord
   441 | D        | Killed The Meatlord
   442 | D        | Got the Orb of Zot
   546 | D        | Noticed Geom the pandemonium lord
   555 | D        | Killed Geom the pandemonium lord
   557 | D        | Noticed Qiebuoly the pandemonium lord
   563 | D        | Killed Qiebuoly the pandemonium lord
   571 | D        | Reached skill level 27 in Conjurations
   571 | D        | Reached skill level 27 in Hexes
   571 | D        | Reached skill level 27 in Charms
   571 | D        | Reached skill level 27 in Summonings
   571 | D        | Reached skill level 27 in Necromancy
   571 | D        | Reached skill level 27 in Translocations
   571 | D        | Reached skill level 27 in Transmutations
   571 | D        | Reached skill level 27 in Fire Magic
   571 | D        | Reached skill level 27 in Ice Magic
   571 | D        | Reached skill level 27 in Air Magic
   571 | D        | Reached skill level 27 in Earth Magic
   571 | D        | Reached skill level 27 in Poison Magic
   571 | D        | Reached skill level 27 in Evocations
   576 | D        | Killed from afar by a hell hog
   644 | D        | Killed from afar by a Brimstone Fiend
   664 | D        | Escaped with the Orb!

Skill      XL: |  1  2  3  4  5  6  7  8  9 10 11 12 13 14 15 16 17 18 19 20 21 22 23 24 25 26 27 |
---------------+----------------------------------------------------------------------------------+-----
Fighting       | 16 19 20 21 24 27 | 27.0
Dodging        | 20 23 25 26 27 | 27.0
Unarmed Combat | 16 19 20 21 24 27 | 27.0
Stealth        | 27 19 | 27.0
Spellcasting   | 19 23 27 | 27.0
Invocations    | 20 25 27 | 27.0
Conjurations   | 27 | 27.0
Hexes          | 27 | 27.0
Charms         | 27 | 27.0
Summonings     | 27 | 27.0
Necromancy     | 27 | 27.0
Translocations | 27 | 27.0
Transmutations | 27 | 27.0
Fire Magic     | 27 | 27.0
Ice Magic      | 27 | 27.0
Air Magic      | 27 | 27.0
Earth Magic    | 27 | 27.0
Poison Magic   | 27 | 27.0
Evocations     | 27 | 27.0

Action                   |  1- 3 |  4- 6 |  7- 9 | 10-12 | 13-15 | 16-18 | 19-21 | 22-24 | 25-27 || total
-------------------------+-------+-------+-------+-------+-------+-------+-------+-------+-------++-------
Melee: Unarmed           |     1 |       |       |     2 |     8 |    12 |    16 |    19 |   158 ||   216
       Punch             |       |       |       |       |       |     1 |       |       |     2 ||     3
       Bite              |       |       |       |       |       |       |       |       |     2 ||     2
  Eat: Chunk             |       |       |       |       |       |       |       |       |    11 ||    11
Armor: Skin              |       |       |       |       |       |     1 |       |       |     1 ||     2
Dodge: Dodged            |       |       |       |       |       |     5 |     3 |     6 |    45 ||    59
